 Dungeon Crawl Stone Soup version 0.29.0-4-gdea44cf6ec (webtiles) character file.

Game seed: 14542779035522953322

68 qw the Chopper (level 4, -4/26 HPs)
             Began as a Tengu Warper on Aug 28, 2022.
             Slain by a hobgoblin
             ... wielding a +0 dagger
             ... led by Robin
              (7 damage)
             ... on level 2 of the Dungeon.
             The game lasted 00:00:12 (1487 turns).

qw the Chopper (Tengu Warper)                       Turns: 1487, Time: 00:00:12

Health: -4/26      AC:  4    Str: 13    XL:     4   Next: 19%
Magic:  8/8        EV: 12    Int: 14    God:
Gold:   58         SH:  0    Dex: 13    Spells: 7/7 levels left

rFire   . . .      SeeInvis .   Y - +0 hand axe
rCold   . . .      Faith    .   (no shield)
rNeg    . . .      Spirit   .   b - +0 leather armour
rPois   .          Reflect  .   (helmet restricted)
rElec   .          Harm     .   f - +0 cloak
rCorr   .          Rampage  .   (no gloves)
Will    +....                   (boots unavailable)
Stlth   +.........              (no amulet)
HPRegen 0.08/turn               m - ring of willpower
MPRegen 0.11/turn               (no ring)

@: no status effects
A: beak, talons 3
a: no special abilities


You were on level 2 of the Dungeon.
You visited 1 branch of the dungeon, and saw 2 of its levels.

You collected 58 gold pieces.


Innate Abilities, Weirdness & Mutations

You have a beak for a mouth.
You have claws for feet.


   Skills:
 - Level 2.0 Fighting
 + Level 4.8 Axes
 - Level 1.0 Throwing
 - Level 1.1 Armour
 - Level 2.1 Dodging
 - Level 2.0 Spellcasting
 - Level 2.4 Translocations


You had 7 spell levels left.
You didn't know any spells.
Your spell library contained the following spells:

 Spells                   Type           Power      Damage    Failure   Level
 Blink                    Tloc           16%        N/A       17%         2
 Gell's Gravitas          Tloc           8%         N/A       34%         3
 Lesser Beckoning         Tloc           8%         N/A       34%         3
 Teleport Other           Tloc           8%         N/A       34%         3
 Manifold Assault         Tloc           8%         N/A       97%         5

Inventory:

Hand Weapons
 d - a +0 mace
 Y - a +0 hand axe (weapon)
Armour
 b - a +0 leather armour (worn)
 e - the +1 pair of gloves of the Eleven Stars {Fly rN+ MP+9}
   (You found it on level 2 of the Dungeon)

   rN:        It protects you from negative energy.
   MP:        It affects your magic capacity (+9).
   Fly:       It grants you flight.
 f - a +0 cloak (worn)
Jewellery
 m - a ring of willpower (left hand)
Scrolls
 c - a scroll of fear {unknown}
Potions
 a - a potion of brilliance {unknown}
 g - a potion of magic {unknown}
 h - a potion of invisibility {unknown}
 i - a potion of might {unknown}
 j - 2 potions of degeneration {unknown}
 n - a potion of haste {unknown}
 o - a potion of cancellation

Dungeon Overview and Level Annotations

Branches:
Dungeon (2/15)

Altars:

Shops:
D:1 [


Message History

You have reached level 4!
You feel clever.
You start resting.
Robin of the Strong Arm comes into view.
They are wielding a +0 spear and carrying a wand of polymorph (8).
1375 ||| Stepping ~*~*~tactically~*~*~ (stealth).
You start resting.
Robin is nearby!
Robin shouts!
Robin flexes a bicep menacingly.
Robin roars a battlecry!
Robin hits you from afar with a +0 spear.
A hobgoblin comes into view. It is wielding a +0 dagger.
The hobgoblin shouts!
Robin hits you with a +0 spear.
You barely miss Robin. Your kick misses Robin. Robin barely misses you.
You hit Robin but do no damage. Robin hits you with a +0 spear.
You hit Robin.
Robin is lightly wounded.
Robin closely misses you.
You barely miss Robin. You claw Robin.
Robin is lightly wounded.
Robin hits you with a +0 spear. Robin barely misses you.
You closely miss Robin. You claw Robin. You peck Robin.
Robin is severely wounded.
You hit Robin but do no damage.
Robin is severely wounded.
You hit the hobgoblin. Robin closely misses you. The hobgoblin misses you.
You hit Robin. Your kick misses Robin. You peck Robin.
You kill Robin!
You completely miss the hobgoblin.
The hobgoblin hits you but does no damage.
You hit the hobgoblin.
The hobgoblin is almost dead.
The hobgoblin hits you with a +0 dagger!
You closely miss the hobgoblin. Your kick misses the hobgoblin.
The hobgoblin is almost dead.
The hobgoblin hits you with a +0 dagger!
You die...

...........########
#.####.#.#.........
.. ...#.#.######.# .
.....#.#.# .#
.###.##.#.# .###
........### ...
..........####.#####.
######......g).......
#.##.###@.###### #.
#.# #.## #. #.# #.#
#. #.# #.# #+ #.# #)#
... #)# ... ... .####
..


You could see a hobgoblin (strong).

Vanquished Creatures
  Robin (D:2)
  An adder (D:2)
  A worm (D:2)
  A dart slug (D:1)
  4 ball pythons (D:1)
  4 endoplasms
  6 goblins (D:2)
  7 hobgoblins
  5 jackals
  3 kobolds
  A quokka (D:1)
  A bat (D:1)
  4 frilled lizards
  A rat (D:2)
40 creatures vanquished.

Vanquished Creatures (others)
  A fungus (D:1)
1 creature vanquished.

Grand Total: 41 creatures vanquished

Notes
Turn   | Place    | Note
-------+----------+-------------------------------------------
     0 | D:1      | qw the Tengu Warper began the quest for the Orb.
     0 | D:1      | Reached XP level 1. HP: 12/12 MP: 4/4
     0 | D:1      | 0 ||| qw: Version: 0.1-a-89-g26bdef1
     0 | D:1      | 0 ||| qw: Game counter: 2620
     0 | D:1      | 0 ||| qw: Always use a shield: true
     0 | D:1      | 0 ||| qw: God list: Okawaru
     0 | D:1      | 0 ||| qw: Allow faded altars: false
     0 | D:1      | 0 ||| qw: Do Orc after D:15 true
     0 | D:1      | 0 ||| qw: Do second Lair branch before Depths: true
     0 | D:1      | 0 ||| qw: Lair rune preference: random
     0 | D:1      | 0 ||| qw: Plans: Normal
     0 | D:1      | 0 ||| PLANNING D:1-11
    15 | D:1      | 15 ||| Stepping ~*~*~tactically~*~*~ (stealth).
   111 | D:1      | Found Yklelerch's Antique Armour Emporium.
   118 | D:1      | Reached XP level 2. HP: 17/17 MP: 6/6
   124 | D:1      | 124 ||| SHOPLISTING glowing orb (276 gold, have 11).
   124 | D:1      | 124 ||| SHOPLISTING plate armour (529 gold, have 11).
   124 | D:1      | 124 ||| SHOPLISTING ring mail (92 gold, have 11).
   124 | D:1      | 124 ||| SHOPLISTING scale mail (92 gold, have 11).
   124 | D:1      | 124 ||| SHOPLISTING shiny plate armour (598 gold, have 11).
   147 | D:1      | Reached skill level 3 in Axes
   330 | D:1      | 330 ||| Stepping ~*~*~tactically~*~*~ (stealth).
   332 | D:1      | 332 ||| Stepping ~*~*~tactically~*~*~ (stealth).
   341 | D:1      | 341 ||| Stepping ~*~*~tactically~*~*~ (stealth).
   410 | D:1      | 410 ||| Stepping ~*~*~tactically~*~*~ (stealth).
   411 | D:1      | 411 ||| Stepping ~*~*~tactically~*~*~ (stealth).
   412 | D:1      | 412 ||| Stepping ~*~*~tactically~*~*~ (stealth).
   420 | D:1      | 420 ||| Stepping ~*~*~tactically~*~*~ (stealth).
   434 | D:1      | Found a faded altar of an unknown god.
   571 | D:1      | 571 ||| Stepping ~*~*~tactically~*~*~ (stealth).
   572 | D:1      | 572 ||| Stepping ~*~*~tactically~*~*~ (stealth).
   573 | D:1      | 573 ||| Stepping ~*~*~tactically~*~*~ (stealth).
   574 | D:1      | 574 ||| Stepping ~*~*~tactically~*~*~ (stealth).
   615 | D:1      | 615 ||| UPGRADING to +0 cloak.
   620 | D:1      | 620 ||| UPGRADING to ring of willpower.
   621 | D:1      | 621 ||| READING scroll labelled ONUUGYDAAN.
   622 | D:1      | 622 ||| READING scroll labelled LIUCVE XIENU.
   623 | D:1      | 623 ||| READING scroll labelled LYOX GAXOIR.
   624 | D:1      | 624 ||| DRINKING 2 bubbling yellow potions.
   625 | D:1      | 625 ||| DROPPING scroll of blinking.
   644 | D:2      | Reached XP level 3. HP: 20/21 MP: 7/7
   794 | D:2      | Reached skill level 4 in Axes
   893 | D:2      | 893 ||| FLEEEEING.
   897 | D:2      | 897 ||| FLEEEEING.
   898 | D:2      | 898 ||| FLEEEEING.
   899 | D:2      | 899 ||| FLEEEEING.
   900 | D:2      | 900 ||| FLEEEEING.
   901 | D:2      | 901 ||| FLEEEEING.
   910 | D:2      | 910 ||| FLEEEEING.
   911 | D:2      | 911 ||| FLEEEEING.
   912 | D:2      | 912 ||| FLEEEEING.
   913 | D:2      | 913 ||| FLEEEEING.
   914 | D:2      | 914 ||| FLEEEEING.
   915 | D:2      | 915 ||| FLEEEEING.
   919 | D:2      | 919 ||| FLEEEEING.
   922 | D:2      | 922 ||| STAIRDANCE
  1006 | D:1      | 1006 ||| DROPPING ring of flight.
  1009 | D:2      | 1009 ||| STAIRDANCE
  1064 | D:2      | 1064 ||| Stepping ~*~*~tactically~*~*~ (hiding).
  1065 | D:2      | 1065 ||| Stepping ~*~*~tactically~*~*~ (hiding).
  1066 | D:2      | 1066 ||| Stepping ~*~*~tactically~*~*~ (hiding).
  1189 | D:2      | 1189 ||| DROPPING +0 club.
  1208 | D:2      | 1208 ||| Stepping ~*~*~tactically~*~*~ (stealth).
  1215 | D:2      | Identified the +1 pair of gloves of the Eleven Stars {Fly
                  | rN+ MP+9}
  1280 | D:2      | 1280 ||| Stepping ~*~*~tactically~*~*~ (stealth).
  1282 | D:2      | 1282 ||| Stepping ~*~*~tactically~*~*~ (hiding).
  1300 | D:2      | 1300 ||| Stepping ~*~*~tactically~*~*~ (hiding).
  1328 | D:2      | Reached XP level 4. HP: 11/26 MP: 8/8
  1374 | D:2      | Noticed Robin
  1375 | D:2      | 1375 ||| Stepping ~*~*~tactically~*~*~ (stealth).
  1485 | D:2      | Killed Robin
  1486 | D:2      | HP: 3/26 [hobgoblin/+0 dagger[Robin] (10)]
  1487 | D:2      | Slain by a hobgoblin

Levels and vault maps discovered:
D:1:      erik_arrival_blinker_ship, layout_rooms, serial_shops,
          nicolae_square_shop, shapermc_ecumenical_altar_mp_ritualfount,
          st_stairs_1
D:2:      layout_basic, uniq_robin

Skill      XL: |  1  2  3 |
---------------+----------+-----
Axes           | 3 4 |  4.8
Fighting       | |  2.0
Throwing       | |  1.0
Armour         | |  1.1
Dodging        | |  2.1
Spellcasting   | |  2.0
Translocations | |  2.4

Action                   |  1- 3 |  4- 6 || total
-------------------------+-------+-------++-------
Melee: Hand axe          |   102 |     9 ||   111
       Kick              |    20 |     2 ||    22
       Peck              |    13 |     2 ||    15
Throw: Boomerang         |     7 |       ||     7
  Use: Scroll            |     3 |       ||     3
       Potion            |     1 |       ||     1
Armor: Leather armour    |    13 |     1 ||    14
Dodge: Dodged            |    68 |     5 ||    73

Table legend:
 A = Non-vault XP
 B = Vault XP
 C = Vault XP percentage of total XP
 D = Non-vault monster count
 E = Vault monster count
 F = Vault count percentage of total count
                 A         B        C        D         E       F
            +---------+---------+-------+---------+---------+-------
      Total |      60 |      38 |  38.8 |      27 |      13 |  32.5
            +---------+---------+-------+---------+---------+-------
        D:1 |      27 |       5 |  15.6 |      16 |       3 |  15.8
        D:2 |      33 |      33 |  50.0 |      11 |      10 |  47.6
            +---------+---------+-------+---------+---------+-------
